[Event "55th Rubinstein Memorial-A 2019"]
[Site "Polanica-Zdroj"]
[Date "2019.08.23"]
[Round "7.16"]
[White "Skurniak, Szymon"]
[Black "Vanduyfhuys, Daria"]
[Result "1-0"]
[ECO "B33"]
[WhiteElo "1962"]
[BlackElo "2160"]
[Annotator "NA"]
[PlyCount "129"]
[EventDate "2019.08.17"]
[EventType "swiss"]
[EventCountry "POL"]
[SourceTitle "playchess.com"]
[Source "ChessBase"]
[SourceQuality "1"]
[TimeControl "40/5400+30:1800+30"]

1. e4 c5 2. Nf3 Nc6 3. d4 cxd4 4. Nxd4 Nf6 5. Nc3 e5 6. Ndb5 d6 7. Bg5 a6 8. Na3 b5 9. Nd5 Be7 10. Bxf6 Bxf6 11. c3 Ne7 12. Nxf6+ gxf6 13. c4 b4 14. Qa4+ Bd7 15. Qxb4 Rb8 16. Qc3 Qb6 17. b3 Bc6 18. Bd3 Rg8 19. g3 f5 20. c5 Qxc5 21. Qxc5 dxc5 22. Rc1 fxe4 23. Be2 Rd8 24. Rxc5 Rd5 25. Rc2 Rg6 26. Nc4 Nf5 27. Ne3 Nxe3 28. fxe3 Bb5 29. Bc4 Bxc4 30. Rxc4 Rgd6 31. O-O Rd2 32. Rxe4 f6 33. Rf2 Rxf2 34. Kxf2 Rd2+ 35. Kf3 Rxa2 36. Rh4 Kf7 37. Rxh7+ Kg6 38. Ra7 Kf5 39. g4+ Kg5 40. Kg3 Ra1 41. h4+ Kg6 42. h5+ Kh6 43. Rf7 Rg1+ 44. Kh3 Re1 45. Rxf6+ Kg7 46. Rxa6 Rxe3+ 47. Kh4 Rxb3 48. Kg5 e4 49. Ra7+ Kg8 50. Re7 e3 51. Kf4 Rb4+ 52. Kf3 e2 53. Rxe2 Kg7 54. Re6 Kf7 55. Ra6 Kg7 56. Re6 Ra4 57. Kg3 Kh7 58. Kh4 Ra5 59. Rf6 Kg7 60. Rf5 Ra6 61. Kg5 Rb6 62. Ra5 Rc6 63. Kf5 Rb6 64. Ra7+ Kh6 65. g5+ 1-0

[Event "55th Rubinstein Memorial-A 2019"]
[Site "Polanica-Zdroj"]
[Date "2019.08.23"]
[Round "7.17"]
[White "Rogacewicz, Mikolaj"]
[Black "Goslawski, Michal"]
[Result "0-1"]
[ECO "E04"]
[WhiteElo "1925"]
[BlackElo "2160"]
[Annotator "NA"]
[PlyCount "80"]
[EventDate "2019.08.17"]
[EventType "swiss"]
[EventCountry "POL"]
[SourceTitle "playchess.com"]
[Source "ChessBase"]
[SourceQuality "1"]
[TimeControl "40/5400+30:1800+30"]

1. d4 Nf6 2. c4 e6 3. g3 d5 4. Nf3 dxc4 5. Bg2 Bb4+ 6. Bd2 a5 7. O-O O-O 8. Qc2 Bxd2 9. Nbxd2 b5 10. a4 c6 11. b3 cxb3 12. Nxb3 b4 13. Ne5 Bd7 14. Qc5 Nd5 15. Nc4 Bc8 16. Bxd5 cxd5 17. Ncxa5 Na6 18. Qc2 Ra7 19. Rfc1 Rc7 20. Qd3 Qd6 21. Rxc7 Nxc7 22. Nc5 e5 23. Nab3 e4 24. Qd2 Bg4 25. Ra2 Rb8 26. Kg2 h6 27. f4 exf3+ 28. exf3 Bc8 29. Ra1 Ba6 30. Re1 Bc4 31. Re3 Na6 32. Nxa6 Bxa6 33. Nc5 Bc4 34. Qb2 h5 35. h4 Qc7 36. Re5 b3 37. Kf2 Qa5 38. f4 Rc8 39. Rxh5 f6 40. Qb1 Qd2+ 0-1

[Event "55th Rubinstein Memorial-A 2019"]
[Site "Polanica-Zdroj"]
[Date "2019.08.23"]
[Round "7.18"]
[White "Wisniewski, Michal"]
[Black "Adamczyk, Zuzanna"]
[Result "1-0"]
[ECO "A14"]
[WhiteElo "2130"]
[BlackElo "1911"]
[Annotator "NA"]
[PlyCount "67"]
[EventDate "2019.08.17"]
[EventType "swiss"]
[EventCountry "POL"]
[SourceTitle "playchess.com"]
[Source "ChessBase"]
[SourceQuality "1"]
[TimeControl "40/5400+30:1800+30"]

1. Nf3 Nf6 2. c4 e6 3. g3 d5 4. Bg2 Be7 5. O-O O-O 6. b3 b6 7. Bb2 Bb7 8. e3 c5 9. Nc3 Nbd7 10. Qe2 a6 11. Rac1 Ra7 12. Rfd1 Ne4 13. cxd5 exd5 14. d4 Ndf6 15. dxc5 bxc5 16. Na4 Qa5 17. Nd2 Bc6 18. Nxe4 Nxe4 19. Bxe4 dxe4 20. Nxc5 Bxc5 21. Qc4 Ba3 22. Bxa3 Qxa3 23. Qxc6 Qxa2 24. b4 f5 25. Rd7 Rxd7 26. Qxd7 Qf7 27. Qd6 Qf6 28. Qd5+ Qf7 29. Qa5 Qb3 30. Qxa6 Qxb4 31. Qe6+ Kh8 32. Rc8 g6 33. Rc7 Qe1+ 34. Kg2 1-0

[Event "55th Rubinstein Memorial-A 2019"]
[Site "Polanica-Zdroj"]
[Date "2019.08.23"]
[Round "7.19"]
[White "Malicka, Maria"]
[Black "Stachecki, Mikolaj"]
[Result "1/2-1/2"]
[ECO "B66"]
[WhiteElo "2062"]
[BlackElo "1765"]
[Annotator "NA"]
[PlyCount "79"]
[EventDate "2019.08.17"]
[EventType "swiss"]
[EventCountry "POL"]
[SourceTitle "playchess.com"]
[Source "ChessBase"]
[SourceQuality "1"]
[TimeControl "40/5400+30:1800+30"]

1. e4 c5 2. Nf3 d6 3. d4 cxd4 4. Nxd4 Nf6 5. Nc3 Nc6 6. Bg5 e6 7. Qd2 a6 8. Nxc6 bxc6 9. O-O-O Be7 10. Bxf6 gxf6 11. Bc4 Bb7 12. Rhe1 Qc7 13. f4 d5 14. Bb3 O-O-O 15. exd5 cxd5 16. f5 d4 17. Ne2 d3 18. Nc3 Bd6 19. Rf1 dxc2 20. Qxc2 Bf4+ 21. Kb1 e5 22. g3 Bh6 23. Qe2 Rxd1+ 24. Rxd1 Rd8 25. Rxd8+ Kxd8 26. Qh5 Bd2 27. Qg4 Qd7 28. Qg8+ Kc7 29. Qxf7 Qxf7 30. Bxf7 Bxc3 31. bxc3 Be4+ 32. Kc1 Bxf5 33. Kd2 Kd6 34. Bc4 Bc8 35. Ke3 f5 36. h3 a5 37. Bd3 Be6 38. a3 Kc5 39. Be2 f4+ 40. Ke4 1/2-1/2

[Event "55th Rubinstein Memorial-A 2019"]
[Site "Polanica-Zdroj"]
[Date "2019.08.23"]
[Round "7.20"]
[White "Oleksy, Krzysztof"]
[Black "Czarniecka, Aleksandra"]
[Result "1-0"]
[ECO "B07"]
[WhiteElo "1840"]
[BlackElo "2042"]
[Annotator "NA"]
[PlyCount "101"]
[EventDate "2019.08.17"]
[EventType "swiss"]
[EventCountry "POL"]
[SourceTitle "playchess.com"]
[Source "ChessBase"]
[SourceQuality "1"]
[TimeControl "40/5400+30:1800+30"]

1. d4 d6 2. e4 Nf6 3. Nc3 e5 4. dxe5 dxe5 5. Qxd8+ Kxd8 6. Bg5 c6 7. O-O-O+ Kc7 8. Nf3 Nbd7 9. h3 Bc5 10. Bh4 b5 11. Bd3 Nh5 12. g4 Nf4 13. Ne2 Ne6 14. Bg3 f6 15. c3 a5 16. Nfd4 Nxd4 17. cxd4 Bd6 18. f4 Ba6 19. Rhf1 Rhf8 20. a4 Rae8 21. axb5 cxb5 22. Kb1 Kb7 23. f5 Nb6 24. Rc1 Bb8 25. Rc5 Nd7 26. Rc2 Rc8 27. Rfc1 Rxc2 28. Rxc2 exd4 29. Bxb8 Nxb8 30. Nxd4 Kb6 31. Ne6 Rf7 32. h4 Re7 33. g5 Nc6 34. gxf6 gxf6 35. Rg2 Nb4 36. Be2 Bb7 37. Bf3 Rd7 38. Rg1 Nd3 39. Rd1 Ne5 40. Rxd7 Nxd7 41. Nf4 Ne5 42. Bg2 Kc5 43. Ne6+ Kc4 44. Kc2 Ng4 45. Bf3 Ne3+ 46. Kd2 Nxf5 47. Be2+ Kb4 48. exf5 Be4 49. Bd3 Bxd3 50. Kxd3 Kb3 51. Nd4+ 1-0

[Event "55th Rubinstein Memorial-A 2019"]
[Site "Polanica-Zdroj"]
[Date "2019.08.23"]
[Round "7.21"]
[White "Jankowiak, Piotr"]
[Black "Majek, Kacper"]
[Result "1-0"]
[ECO "D00"]
[WhiteElo "2033"]
[BlackElo "1984"]
[Annotator "NA"]
[PlyCount "103"]
[EventDate "2019.08.17"]
[EventType "swiss"]
[EventCountry "POL"]
[SourceTitle "playchess.com"]
[Source "ChessBase"]
[SourceQuality "1"]
[TimeControl "40/5400+30:1800+30"]

1. d4 d5 2. Bf4 Nf6 3. e3 e6 4. Bd3 c5 5. c3 Bd6 6. Bg3 O-O 7. Nf3 Nc6 8. Nbd2 b6 9. Qe2 Bb7 10. Rd1 Qc7 11. e4 dxe4 12. Nxe4 Nxe4 13. Qxe4 g6 14. dxc5 Ne5 15. cxd6 Bxe4 16. dxc7 Nxd3+ 17. Ke2 Nxb2 18. Rd4 Bd5 19. Ne5 f6 20. Nd7 Rf7 21. Nb8 Rf8 22. Rb1 Nc4 23. Rbd1 b5 24. Rxd5 exd5 25. Rxd5 Nb6 26. Rxb5 Kf7 27. Kd3 Ke6 28. Rc5 Re8 29. Rc6+ Ke7 30. a4 Rc8 31. a5 Nd7 32. Nxd7 Kxd7 33. Rxf6 Ke7 34. Ra6 Kd7 35. c4 Rf8 36. Rd6+ Ke7 37. c5 Rf5 38. Kc4 Rc8 39. Ra6 Kd7 40. Rxa7 h5 41. f3 h4 42. Bd6 h3 43. gxh3 Rxf3 44. Rb7 Rf1 45. a6 Ra1 46. a7 Ra2 47. h4 Rc2+ 48. Kd3 Ra2 49. Bg3 Ra3+ 50. Kc4 Re8 51. Rb8 Ra6 52. Rxe8 1-0

[Event "55th Rubinstein Memorial-A 2019"]
[Site "Polanica-Zdroj"]
[Date "2019.08.23"]
[Round "7.22"]
[White "Wieczorek, Mikolaj"]
[Black "Derylo, Kamil"]
[Result "0-1"]
[ECO "C45"]
[WhiteElo "1709"]
[BlackElo "2030"]
[Annotator "NA"]
[PlyCount "76"]
[EventDate "2019.08.17"]
[EventType "swiss"]
[EventCountry "POL"]
[SourceTitle "playchess.com"]
[Source "ChessBase"]
[SourceQuality "1"]
[TimeControl "40/5400+30:1800+30"]

1. e4 e5 2. Nf3 Nc6 3. d4 exd4 4. Nxd4 Bc5 5. Be3 Qf6 6. c3 Nge7 7. g3 h5 8. h4 d5 9. Bg2 Bg4 10. Qa4 Bd7 11. Qd1 O-O-O 12. Nxc6 Qxc6 13. exd5 Qb5 14. Bxc5 Bg4 15. Qd2 Nxd5 16. a4 Qxc5 17. O-O Rhe8 18. b4 Qc4 19. Na3 Qxc3 20. Qg5 Qe5 21. Qd2 Nc3 22. Qc2 Ne2+ 23. Kh2 Nd4 24. Qc4 Be2 25. Qxf7 Rf8 26. Nc4 Qf6 27. Qxf6 Rxf6 28. Rfc1 Nb3 29. Na5 Nxa1 30. Bxb7+ Kb8 31. Rxa1 Rd1 32. Ra2 Rxf2+ 33. Bg2 Rdf1 34. Nc6+ Kc8 35. Rd2 Bf3 36. Rd8+ Kb7 37. Na5+ Ka6 38. Rd2 Rxd2 0-1

[Event "55th Rubinstein Memorial-A 2019"]
[Site "Polanica-Zdroj"]
[Date "2019.08.23"]
[Round "7.23"]
[White "Kulesza, Andrzej"]
[Black "Goraj, Barbara"]
[Result "1-0"]
[ECO "B50"]
[WhiteElo "1940"]
[BlackElo "1800"]
[Annotator "NA"]
[PlyCount "137"]
[EventDate "2019.08.17"]
[EventType "swiss"]
[EventCountry "POL"]
[SourceTitle "playchess.com"]
[Source "ChessBase"]
[SourceQuality "1"]
[TimeControl "40/5400+30:1800+30"]

1. e4 c5 2. Nf3 d6 3. c3 Nf6 4. h3 g6 5. Bd3 Qc7 6. Bc2 Bg7 7. O-O O-O 8. d4 Nbd7 9. Re1 e5 10. Nbd2 exd4 11. cxd4 d5 12. e5 Ne4 13. Nxe4 dxe4 14. Bxe4 cxd4 15. Bf4 Re8 16. Qxd4 Nxe5 17. Nxe5 Rxe5 18. Rac1 Qe7 19. Bxe5 Bxe5 20. Bxb7 Qxb7 21. Qxe5 Be6 22. a3 a5 23. Rc7 Qb3 24. Qc3 Qd5 25. Rc5 Qd8 26. b4 axb4 27. axb4 Rb8 28. b5 Qd7 29. Rc7 Qd6 30. Qe5 Qd8 31. Qc5 Rxb5 32. Qxb5 Qxc7 33. Qb2 Qd8 34. Qe5 Qd5 35. Qc3 h5 36. Rb1 Kh7 37. Qc7 Qd4 38. Rb8 Qf6 39. f4 Qg7 40. Kh2 Bf5 41. Re8 Be6 42. Re7 Qf6 43. Qd6 Kg7 44. Re8 Kh7 45. Qe5 Qxe5 46. fxe5 Bd5 47. h4 Kg7 48. g3 Bc6 49. Re7 Kf8 50. Rc7 Bd5 51. Kg1 Be6 52. Kf2 Bf5 53. Ke3 Be6 54. Kd4 Ba2 55. Kc5 Bb3 56. Kd6 Kg7 57. Rb7 Ba2 58. Ke7 Bd5 59. Rb4 Be6 60. Rf4 Bd5 61. g4 hxg4 62. Rxg4 Kh6 63. Kf6 Kh5 64. Rd4 Be6 65. Ra4 Bb3 66. Ra7 Kxh4 67. Rxf7 g5 68. Rh7+ Kg4 69. Rg7 1-0

[Event "55th Rubinstein Memorial-A 2019"]
[Site "Polanica-Zdroj"]
[Date "2019.08.23"]
[Round "7.24"]
[White "Siekanski, Janusz"]
[Black "Twardowski, Hubert"]
[Result "1-0"]
[ECO "D85"]
[WhiteElo "2263"]
[BlackElo "1822"]
[Annotator "NA"]
[PlyCount "75"]
[EventDate "2019.08.17"]
[EventType "swiss"]
[EventCountry "POL"]
[SourceTitle "playchess.com"]
[Source "ChessBase"]
[SourceQuality "1"]
[TimeControl "40/5400+30:1800+30"]

1. d4 Nf6 2. c4 g6 3. Nc3 d5 4. cxd5 Nxd5 5. e4 Nxc3 6. bxc3 Bg7 7. Be3 c5 8. Qd2 Nc6 9. d5 Qa5 10. Rc1 Ne5 11. Be2 O-O 12. f4 Ng4 13. Bxg4 Bxg4 14. f5 gxf5 15. h3 f4 16. Bxf4 Bh5 17. Bh6 Bg6 18. Bxg7 Kxg7 19. Ne2 Rad8 20. Ng3 e6 21. O-O f6 22. Rcd1 exd5 23. exd5 c4 24. Nf5+ Bxf5 25. Rxf5 Qc5+ 26. Kh1 Rd6 27. Re1 Rd7 28. Qd1 Kh8 29. Qf3 Re7 30. Re6 Rxe6 31. dxe6 Qe7 32. Qe4 Re8 33. Rh5 Rc8 34. Rd5 Rc7 35. a4 Kg7 36. a5 Kf8 37. Qf4 Kg7 38. Qxc7 1-0

[Event "55th Rubinstein Memorial-A 2019"]
[Site "Polanica-Zdroj"]
[Date "2019.08.23"]
[Round "7.25"]
[White "Jeda, Maciej"]
[Black "Rosol, Alexander"]
[Result "1-0"]
[ECO "C41"]
[WhiteElo "1815"]
[BlackElo "1968"]
[Annotator "NA"]
[PlyCount "55"]
[EventDate "2019.08.17"]
[EventType "swiss"]
[EventCountry "POL"]
[SourceTitle "playchess.com"]
[Source "ChessBase"]
[SourceQuality "1"]
[TimeControl "40/5400+30:1800+30"]

1. e4 d6 2. d4 Nf6 3. Nc3 e5 4. Nf3 Nbd7 5. Bc4 Be7 6. O-O O-O 7. Re1 c6 8. a4 a5 9. h3 h6 10. Be3 Re8 11. Qd2 exd4 12. Qxd4 Nf8 13. Rad1 Be6 14. Bf4 Bxc4 15. Qxc4 Ng6 16. Bh2 Qb6 17. Bxd6 Bxd6 18. Rxd6 Qxb2 19. Rb1 Qa3 20. Rxb7 Rf8 21. Rd1 Rae8 22. Rc7 Qb2 23. Qxc6 Qxc2 24. Nd4 Qb2 25. Rb7 Qa3 26. Nc2 Re6 27. Qc4 Ne5 28. Qc7 1-0

[Event "55th Rubinstein Memorial-A 2019"]
[Site "Polanica-Zdroj"]
[Date "2019.08.23"]
[Round "7.26"]
[White "Michalska, Aleksandra"]
[Black "Kopica, Paulina"]
[Result "1/2-1/2"]
[ECO "B20"]
[WhiteElo "1792"]
[BlackElo "1932"]
[Annotator "NA"]
[PlyCount "81"]
[EventDate "2019.08.17"]
[EventType "swiss"]
[EventCountry "POL"]
[SourceTitle "playchess.com"]
[Source "ChessBase"]
[SourceQuality "1"]
[TimeControl "40/5400+30:1800+30"]

1. e4 c5 2. c4 Nc6 3. Nc3 g6 4. Nf3 Bg7 5. Be2 e6 6. d3 Nge7 7. Be3 d6 8. d4 cxd4 9. Nxd4 a6 10. Qd2 O-O 11. h4 d5 12. exd5 exd5 13. cxd5 Nxd5 14. Nxc6 bxc6 15. Nxd5 Qxd5 16. Qxd5 cxd5 17. O-O-O Be6 18. Kb1 Rfc8 19. g4 Rab8 20. Bd4 Rb4 21. Bxg7 Kxg7 22. Rhg1 Rcb8 23. Rd2 a5 24. Rg3 f5 25. a3 Rf4 26. f3 Rb3 27. Bd1 Re3 28. Rg1 d4 29. Kc1 d3 30. Rh2 Bc4 31. Kd2 Re7 32. gxf5 Rxf5 33. Rg4 Bb5 34. h5 Ree5 35. hxg6 hxg6 36. Rhg2 Rf6 37. f4 Ref5 38. Rg5 Bc6 39. Rxf5 Rxf5 40. Rg5 Rxf4 41. Kxd3 1/2-1/2

[Event "55th Rubinstein Memorial-A 2019"]
[Site "Polanica-Zdroj"]
[Date "2019.08.23"]
[Round "7.27"]
[White "Rak, Maciej"]
[Black "Mielczarek, Daniel"]
[Result "1/2-1/2"]
[ECO "B15"]
[WhiteElo "1779"]
[BlackElo "1924"]
[Annotator "NA"]
[PlyCount "61"]
[EventDate "2019.08.17"]
[EventType "swiss"]
[EventCountry "POL"]
[SourceTitle "playchess.com"]
[Source "ChessBase"]
[SourceQuality "1"]
[TimeControl "40/5400+30:1800+30"]

1. e4 c6 2. d4 d5 3. Nc3 dxe4 4. Nxe4 Nf6 5. Nxf6+ exf6 6. c3 Bd6 7. Bd3 O-O 8. Qc2 h6 9. Ne2 Re8 10. Bd2 Nd7 11. O-O-O b5 12. g4 Nb6 13. f3 Be6 14. Kb1 Nc4 15. Bc1 Qa5 16. b3 Na3+ 17. Bxa3 Qxa3 18. h4 a5 19. g5 hxg5 20. hxg5 f5 21. Rh3 g6 22. f4 Kg7 23. d5 cxd5 24. Bxb5 Rh8 25. Rdh1 Rxh3 26. Rxh3 Rh8 27. Rxh8 Kxh8 28. Qd2 Qc5 29. Nd4 Kg8 30. Kb2 Qa3+ 31. Kb1 1/2-1/2

[Event "55th Rubinstein Memorial-A 2019"]
[Site "Polanica-Zdroj"]
[Date "2019.08.24"]
[Round "8.1"]
[White "Goluch, Piotr"]
[Black "Warakomski, Tomasz"]
[Result "1/2-1/2"]
[ECO "D11"]
[WhiteElo "2418"]
[BlackElo "2497"]
[Annotator "ChessBase"]
[PlyCount "204"]
[EventDate "2019.08.17"]
[EventType "swiss"]
[EventCountry "POL"]
[SourceTitle "playchess.com"]
[Source "ChessBase"]
[SourceQuality "1"]
[TimeControl "40/5400+30:1800+30"]

1. d4 d5 2. c4 c6 3. Nf3 Nf6 4. e3 Bg4 5. Qb3 Qb6 6. Ne5 Bf5 7. Qxb6 axb6 8. cxd5 Nxd5 9. g4 Be6 10. Bd2 f6 11. Nd3 Bxg4 12. Rg1 Bf5 13. f3 Bxd3 14. Bxd3 e6 15. Nc3 Nb4 16. Bb1 f5 17. a3 g6 18. Na2 N4a6 19. Nc1 Nc7 20. Ba2 Nd7 21. Nd3 Bg7 22. Nf4 e5 23. dxe5 Nxe5 24. Ke2 Nd7 25. Rab1 Bf6 26. Nh3 O-O-O 27. Ng5 Bxg5 28. Rxg5 Rhe8 29. Rgg1 Nc5 30. Rgd1 Nd5 31. Bxd5 Rxd5 32. Bc3 Ne6 33. Kf2 Nc7 34. h4 Re6 35. Bg7 Kd7 36. Rxd5+ Nxd5 37. Rd1 Re7 38. Bf6 Rf7 39. Bd4 Ke6 40. b3 c5 41. Bb2 b5 42. Ke2 Re7 43. h5 Kd6 44. hxg6 hxg6 45. Bc1 Kc6 46. Rg1 Re6 47. Kd3 Rd6 48. Kc2 Re6 49. e4 fxe4 50. fxe4 Nb6 51. Be3 Nd7 52. Rg5 b6 53. Bf4 Nf8 54. Kd3 Nd7 55. Rg2 c4+ 56. bxc4 Nc5+ 57. Kc3 bxc4 58. Be3 Nxe4+ 59. Kxc4 Nd6+ 60. Kd3 Nf5 61. Bg1 Kb5 62. Rb2+ Ka5 63. a4 Ne7 64. Rb5+ Ka6 65. Bd4 Nc8 66. Kc2 Rc6+ 67. Kd3 Nd6 68. Rb4 Nf5 69. Bc3 Rc5 70. Rg4 Rc6 71. Be5 Ne7 72. Bc3 Rc8 73. Rd4 Nf5 74. Rd7 Rc6 75. Bd2 Nd6 76. Re7 Nb7 77. Be3 Nc5+ 78. Bxc5 Rxc5 79. Re6 g5 80. Rg6 Ka5 81. Kd4 Rf5 82. Kc3 Rf3+ 83. Kb2 Rg3 84. Kc2 g4 85. Kb2 Rg1 86. Kc2 Rg2+ 87. Kb3 Rg3+ 88. Kb2 Rg1 89. Kc2 g3 90. Kb3 g2 91. Rg5+ b5 92. Kb2 Kxa4 93. Rg4+ Ka5 94. Rg8 Kb6 95. Rg7 Kc5 96. Rg8 Kd4 97. Rg7 Ke3 98. Rg8 Kf3 99. Rf8+ Ke4 100. Rg8 b4 101. Rg7 b3 102. Rg8 Kf3 1/2-1/2

[Event "55th Rubinstein Memorial-A 2019"]
[Site "Polanica-Zdroj"]
[Date "2019.08.24"]
[Round "8.2"]
[White "Kosakowski, Jakub"]
[Black "Kozak, Antoni"]
[Result "0-1"]
[ECO "E44"]
[WhiteElo "2401"]
[BlackElo "2354"]
[Annotator "NA"]
[PlyCount "56"]
[EventDate "2019.08.17"]
[EventType "swiss"]
[EventCountry "POL"]
[SourceTitle "playchess.com"]
[Source "ChessBase"]
[SourceQuality "1"]
[TimeControl "40/5400+30:1800+30"]

1. d4 Nf6 2. c4 e6 3. Nc3 Bb4 4. e3 b6 5. Nge2 c5 6. a3 Ba5 7. Rb1 Na6 8. g3 Bb7 9. d5 b5 10. Bg2 bxc4 11. e4 O-O 12. O-O exd5 13. exd5 d6 14. Qa4 Bxc3 15. bxc3 Qc8 16. Bg5 Nd7 17. Qxc4 Nc7 18. Qg4 Nb6 19. Qxc8 Rfxc8 20. Rfd1 Re8 21. Nc1 Bxd5 22. Nb3 Bxg2 23. Kxg2 f6 24. Bf4 Ncd5 25. Bxd6 c4 26. Nd2 Nxc3 27. Rxb6 axb6 28. Rc1 Ne4 0-1

[Event "55th Rubinstein Memorial-A 2019"]
[Site "Polanica-Zdroj"]
[Date "2019.08.24"]
[Round "8.3"]
[White "Oglaza, Oskar"]
[Black "Lewtak, Damian"]
[Result "1/2-1/2"]
[ECO "D02"]
[WhiteElo "2367"]
[BlackElo "2354"]
[Annotator "NA"]
[PlyCount "108"]
[EventDate "2019.08.17"]
[EventType "swiss"]
[EventCountry "POL"]
[SourceTitle "playchess.com"]
[Source "ChessBase"]
[SourceQuality "1"]
[TimeControl "40/5400+30:1800+30"]

1. d4 d5 2. Nf3 e6 3. c4 c6 4. Nc3 f5 5. Ne5 Nd7 6. Bf4 Nxe5 7. Bxe5 Nf6 8. e3 Bb4 9. Bd3 O-O 10. O-O a5 11. c5 Bxc3 12. bxc3 Rf7 13. Bxf6 Qxf6 14. f4 Bd7 15. Rb1 Be8 16. Qf3 Qh4 17. Rb6 Ra7 18. Rb2 Re7 19. g3 Qh3 20. Be2 Rd7 21. Kh1 Bg6 22. Rfb1 Rc7 23. Qg2 Qh6 24. Qf3 Qh3 25. Qf2 Bh5 26. Bf1 Qg4 27. Bg2 Qg6 28. h3 Qf7 29. Bf1 Qf6 30. Bd3 Rf7 31. Rg1 Qh6 32. Qf1 Ra8 33. Rh2 Qf6 34. g4 Bg6 35. g5 Qd8 36. Qf3 b6 37. cxb6 Rb7 38. Rb2 Rab8 39. Rgb1 Rxb6 40. Qe2 Rxb2 41. Rxb2 h6 42. h4 hxg5 43. fxg5 Rxb2 44. Qxb2 Qc7 45. Qh2 Qf7 46. Qb8+ Kh7 47. Qd6 f4 48. Bxg6+ Qxg6 49. exf4 Qb1+ 50. Kg2 Qxa2+ 51. Kg3 Qc4 52. Qxe6 Qxc3+ 53. Kg4 Qxd4 54. Qf5+ g6 1/2-1/2

[Event "55th Rubinstein Memorial-A 2019"]
[Site "Polanica-Zdroj"]
[Date "2019.08.24"]
[Round "8.4"]
[White "Marszalek, Maciej"]
[Black "Grabarczyk, Miroslaw"]
[Result "1/2-1/2"]
[ECO "A06"]
[WhiteElo "2295"]
[BlackElo "2362"]
[Annotator "ChessBase"]
[PlyCount "25"]
[EventDate "2019.08.17"]
[EventType "swiss"]
[EventCountry "POL"]
[SourceTitle "playchess.com"]
[Source "ChessBase"]
[SourceQuality "1"]
[TimeControl "40/5400+30:1800+30"]

1. Nf3 d5 2. c4 e6 3. d4 Nf6 4. g3 Bb4+ 5. Bd2 Be7 6. Bg2 O-O 7. O-O c6 8. Qc2 Nbd7 9. Bf4 Nh5 10. Bc1 Nhf6 11. Bf4 Nh5 12. Bc1 Nhf6 13. Bf4 1/2-1/2

[Event "55th Rubinstein Memorial-A 2019"]
[Site "Polanica-Zdroj"]
[Date "2019.08.24"]
[Round "8.5"]
[White "Mis, Mieszko"]
[Black "Jaskolka, Tomasz"]
[Result "1-0"]
[ECO "D71"]
[WhiteElo "2296"]
[BlackElo "2227"]
[Annotator "NA"]
[PlyCount "83"]
[EventDate "2019.08.17"]
[EventType "swiss"]
[EventCountry "POL"]
[SourceTitle "playchess.com"]
[Source "ChessBase"]
[SourceQuality "1"]
[TimeControl "40/5400+30:1800+30"]

1. d4 Nf6 2. c4 g6 3. g3 c6 4. Bg2 d5 5. Qa4 Bg7 6. cxd5 Nxd5 7. Nf3 Nb6 8. Qc2 Bg4 9. e3 N8d7 10. O-O Bxf3 11. Bxf3 e5 12. a4 exd4 13. exd4 O-O 14. a5 Nd5 15. Nc3 N7f6 16. Nxd5 Nxd5 17. Qb3 Qd7 18. Rd1 Rfe8 19. Kg2 Re6 20. Ra4 Rae8 21. Bd2 a6 22. Bxd5 cxd5 23. Rb4 Re2 24. Bf4 Qf5 25. Qd3 R8e4 26. Qf3 h5 27. h4 Rc2 28. Be3 Qe6 29. Rd3 Qc6 30. Rb6 Qc4 31. Rxb7 f5 32. Rc3 Rxc3 33. bxc3 Qa2 34. Rb6 Kh7 35. Rxa6 Qc4 36. Ra7 Qb5 37. Qd1 Qb8 38. Ra6 Qc8 39. Qd3 Bf8 40. Ra7+ Bg7 41. Qa6 Qxc3 42. Qb7 1-0

[Event "55th Rubinstein Memorial-A 2019"]
[Site "Polanica-Zdroj"]
[Date "2019.08.24"]
[Round "8.6"]
[White "Kucza, Karol"]
[Black "Cukrowski, Filip"]
[Result "1/2-1/2"]
[ECO "C70"]
[WhiteElo "2296"]
[BlackElo "2424"]
[Annotator "NA"]
[PlyCount "122"]
[EventDate "2019.08.17"]
[EventType "swiss"]
[EventCountry "POL"]
[SourceTitle "playchess.com"]
[Source "ChessBase"]
[SourceQuality "1"]
[TimeControl "40/5400+30:1800+30"]

1. e4 e5 2. Nf3 Nc6 3. Bb5 a6 4. Ba4 g6 5. d4 exd4 6. Nxd4 Bg7 7. Nxc6 dxc6 8. Qxd8+ Kxd8 9. Bb3 Ke7 10. Bg5+ Bf6 11. Bxf6+ Nxf6 12. Nd2 Nd7 13. f3 Nc5 14. Ke2 a5 15. c3 b6 16. Bc2 Rd8 17. Rhd1 Ba6+ 18. Ke3 a4 19. b4 Nd3 20. a3 Ne5 21. Rac1 Rd6 22. Nb1 Nc4+ 23. Kf2 Bb5 24. Rxd6 cxd6 25. Bd1 Ne5 26. Be2 Bxe2 27. Kxe2 Nc4 28. Rc2 d5 29. exd5 cxd5 30. Ra2 Kd6 31. Nd2 Re8+ 32. Kd3 Ne5+ 33. Kd4 Nc6+ 34. Kd3 Ne5+ 35. Kc2 f5 36. Ra1 Rc8 37. f4 Ng4 38. Kd3 Nf2+ 39. Ke2 Ne4 40. Nxe4+ dxe4 41. Kd2 b5 42. Kc2 h6 43. Rd1+ Ke6 44. Rd4 g5 45. fxg5 hxg5 46. g4 Rh8 47. gxf5+ Kxf5 48. Rd2 Rh3 49. Rf2+ Ke5 50. Rg2 Kf4 51. Rf2+ Ke3 52. Rg2 Kf3 53. Rxg5 Rxh2+ 54. Kd1 e3 55. Rf5+ Ke4 56. Rxb5 Ra2 57. Rb8 Rxa3 58. b5 Kd3 59. Rd8+ Kxc3 60. b6 Rb3 61. Ra8 Rxb6 1/2-1/2

[Event "55th Rubinstein Memorial-A 2019"]
[Site "Polanica-Zdroj"]
[Date "2019.08.24"]
[Round "8.7"]
[White "Lapaj, Mateusz"]
[Black "Psyk, Radoslaw"]
[Result "0-1"]
[ECO "B46"]
[WhiteElo "2233"]
[BlackElo "2326"]
[Annotator "NA"]
[PlyCount "134"]
[EventDate "2019.08.17"]
[EventType "swiss"]
[EventCountry "POL"]
[SourceTitle "playchess.com"]
[Source "ChessBase"]
[SourceQuality "1"]
[TimeControl "40/5400+30:1800+30"]

1. e4 c5 2. Nf3 e6 3. d4 cxd4 4. Nxd4 Nc6 5. Nc3 a6 6. g3 Qc7 7. Bg2 Nf6 8. O-O d6 9. Re1 Bd7 10. Nxc6 bxc6 11. Na4 e5 12. c4 c5 13. Nc3 Be7 14. Bg5 Bc6 15. Qd2 O-O 16. Rad1 Ne8 17. Be3 Rd8 18. f4 exf4 19. gxf4 Nf6 20. Qe2 Rfe8 21. Nd5 Bxd5 22. cxd5 Bf8 23. Qc2 g6 24. b4 c4 25. Bd4 Nh5 26. Qf2 Qd7 27. f5 Bg7 28. f6 Bh8 29. Qh4 Re5 30. Bxe5 dxe5 31. Rc1 Bxf6 32. Qh3 Qb5 33. Qc3 Bh4 34. Rf1 Nf4 35. Rxf4 exf4 36. Qxc4 Qb6+ 37. Qc5 Qf6 38. Qc3 Qg5 39. Kh1 Bf2 40. a4 Be3 41. Rf1 f3 42. Rxf3 Bf4 43. Rf1 Be5 44. Qf3 Qh4 45. Qh3 Qe7 46. b5 axb5 47. axb5 Qb4 48. Qd3 Qd6 49. Qf3 Rf8 50. Qh3 Ra8 51. Qf3 Ra7 52. Bh3 Kg7 53. Rf2 Qb4 54. Bf1 h5 55. Bd3 Qe1+ 56. Kg2 Bd4 57. b6 Bxf2 58. bxa7 Bxa7 59. d6 Qg1+ 60. Kh3 Qd4 61. Qg3 Bc5 62. e5 h4 63. Qf3 Qxe5 64. d7 Qd6 65. Bc4 Qxd7+ 66. Kxh4 Be7+ 67. Kg3 Qc7+ 0-1